 Dungeon Crawl Stone Soup version 0.24.0-123-gd5b16e6ec5 (webtiles) character file.

Game seed: 12933031816571841036, levelgen mode: deterministic

72 Norian the Conjurer (level 4, -6/24 HPs)
             Began as a Deep Elf Conjurer on Dec 19, 2019.
             Mangled by an orc warrior
             ... wielding a +0 flail
              (19 damage)
             ... on level 3 of the Dungeon.
             The game lasted 00:02:24 (1192 turns).

Norian the Conjurer (Deep Elf Conjurer)             Turns: 1192, Time: 00:02:25

Health: -6/24      AC:  2    Str:  6    XL:     4   Next: 7%
Magic:  7/12       EV: 13    Int: 20    God:
Gold:   139        SH:  0    Dex: 15    Spells: 11/12 levels left

rFire    . . .     SeeInvis .   o - +0 short sword (venom)
rCold    . . .     Gourm    .   (no shield)
rNeg     . . .     Faith    .   a - +0 robe
rPois    .         Spirit   .   (no helmet)
rElec    .         Reflect  .   (no cloak)
rCorr    .         Harm     .   (no gloves)
MR       .....                  (no boots)
Stlth    ++........             (no amulet)
HPRegen  0.08/turn              (no ring)
MPRegen  0.13/turn              (no ring)

@: no status effects
A: no striking features
a: no special abilities


You were on level 3 of the Dungeon.
You were not hungry.

You visited 1 branch of the dungeon, and saw 3 of its levels.

You collected 139 gold pieces.

Inventory:

Hand Weapons
 o - a +0 short sword of venom (weapon)
Armour
 a - a +0 robe (worn)
Jewellery
 d - a +3 ring of protection {unknown}
 j - a +3 amulet of reflection {unknown}
 n - a +3 ring of strength {unknown}
Scrolls
 b - a scroll of remove curse {unknown}
 e - 2 scrolls of immolation {unknown}
 f - 2 scrolls of identify {unknown}
 g - a scroll of enchant armour {unknown}
 i - 2 scrolls of teleportation {unknown}
 k - a scroll of fear {unknown}
Potions
 h - a potion of curing {unknown}
 l - 2 potions of might {unknown}
 m - 3 potions of brilliance {unknown}
Comestibles
 c - 3 rations


   Skills:
 - Level 2.4 Dodging
 - Level 2.4 Stealth
 + Level 4.7 Spellcasting
 + Level 5.3 Conjurations


You had 11 spell levels left.
You knew the following spells:

 Your Spells              Type           Power        Failure   Level  Hunger
a - Magic Dart            Conj           ####         1%          1    None

Your spell library contained the following spells:

 Spells                   Type           Power        Failure   Level  Hunger
 Searing Ray              Conj           ####..       1%          2    #......
 Dazzling Spray           Conj/Hex       ###...       12%         3    ##.....
 Iskenderun's Mystic Bla  Conj           ####....     13%         4    ####...
 Force Lance              Conj/Tloc      ###.....     36%         4    ####...
 Fulminant Prism          Conj/Hex       ###.......   36%         4    ####...


Dungeon Overview and Level Annotations

Branches:
Dungeon (3/15)

Altars:


Message History

Casting: Magic Dart (safe; 1% risk of failure)
Confirm with . or Enter, or press ? or * to list all spells.
Aiming: Magic Dart (safe; 1% risk of failure)
Press: ? - help, Shift-Dir - straight line, f - orc warrior
Aim: an orc warrior, wielding a +0 flail and wearing a +0 plate armour The magic dart hits the orc warrior.
The orc warrior is lightly wounded.
Casting: Magic Dart (safe; 1% risk of failure)
Confirm with . or Enter, or press ? or * to list all spells.
Aiming: Magic Dart (safe; 1% risk of failure)
Press: ? - help, Shift-Dir - straight line, f/p - orc warrior
Aim: an orc warrior, wielding a +0 flail and wearing a +0 plate armour (lightly wounded)
The magic dart hits the orc warrior!
The orc warrior is moderately wounded.
Casting: Magic Dart (safe; 1% risk of failure)
Confirm with . or Enter, or press ? or * to list all spells.
You don't know that spell.
The orc warrior hits you with a +0 flail!!
Ouch! That really hurt!
You die...

.........####†..(..#
......o.....#......#
........o##.#(##+#
g#.#.##..)o†#)##.#
#... #.####.o...#
#.# #.####)....# ...
.........)..# ..
...########o# .
............@#
#....#####....#
#...> +....# #...##
#.... #.... #....
#....


You could see an orc warrior and an orc priest.

Vanquished Creatures
  A gnoll (D:2)
  2 oozes
  A worm (D:2)
  2 dart slugs
  A leopard gecko (D:1)
  An orc (D:3)
  A giant cockroach (D:3)
  5 goblins
  8 hobgoblins
  3 jackals
  4 kobolds
  7 bats
  3 frilled lizards
  5 rats
44 creatures vanquished.

Notes
Turn   | Place    | Note
-------+----------+-------------------------------------------
     0 | D:1      | Norian the Deep Elf Conjurer began the quest for the Orb.
     0 | D:1      | Reached XP level 1. HP: 10/10 MP: 6/6
   137 | D:1      | Reached XP level 2. HP: 12/15 MP: 4/8
   503 | D:2      | Reached skill level 5 in Conjurations
   503 | D:2      | Reached XP level 3. HP: 19/19 MP: 0/10
  1048 | D:3      | Noticed an orc warrior
  1166 | D:3      | Reached XP level 4. HP: 22/24 MP: 6/12
  1192 | D:3      | Mangled by an orc warrior

Levels and vault maps discovered:
D:1:      lemuel_arrival_hallway, layout_basic
D:2:      layout_rooms, cheibrodos_gnoll_hut
D:3:      layout_basic, chequers_temple_overflow_statue_of_worship,
          uniq_crazy_yiuf_cottage

Skill      XL: |  1  2 |
---------------+-------+-----
Spellcasting   | 4 |  4.7
Conjurations   | 5 |  5.3
Dodging        | |  2.4
Stealth        | |  2.4

Action                   |  1- 3 |  4- 6 || total
-------------------------+-------+-------++-------
Melee: Short sword       |    24 |     7 ||    31
 Cast: Magic Dart        |    66 |     4 ||    70
 Stab: Distracted        |     1 |       ||     1
  Eat: Chunk             |     1 |       ||     1
Armor: Robe              |     4 |     1 ||     5
Dodge: Dodged            |    26 |     4 ||    30
